 Dungeon Crawl Stone Soup version 0.28.0-53-g5a82cb258f (webtiles) character file.

Game seed: 14675907089115130490

3664 Zeld the Geomancer (level 10, -6/60 HPs)
             Began as a Gargoyle Earth Elementalist on May 24, 2022.
             Was a Believer of Vehumet.
             Mangled by an orc warrior
             ... wielding a +0 hand axe
              (9 damage)
             ... in a bailey.
             The game lasted 00:17:35 (11348 turns).

Zeld the Geomancer (Gargoyle Earth Elementalist)   Turns: 11348, Time: 00:17:36

Health: -6/60      AC: 11    Str: 12    XL:     10   Next: 12%
Magic:  1/20       EV: 11    Int: 20    God:    Vehumet [**....]
Gold:   64         SH:  0    Dex: 10    Spells: 13/23 levels left

rFire   + . .      SeeInvis .   a - +0 morningstar (flame)
rCold   . . .      Faith    .   (no shield)
rNeg    + + .      Spirit   .   b - +0 robe
rPois   ∞          Reflect  .   (no helmet)
rElec   +          Harm     .   h - +1 cloak "Dionoz" {rF+ rN+}
rCorr   .          Rampage  .   (no gloves)
Will    .....                   (no boots)
Stlth   +++.......              i - amulet of the acrobat
HPRegen 0.20/turn               (no ring)
MPRegen 0.17/turn               (no ring)

@: no status effects
A: sickness immunity, AC +7, negative energy resistance 1, electricity
resistance, torment resistance 1, petrification resistance
a: Renounce Religion


You were in a bailey.
You worshipped Vehumet.
Vehumet was pleased with you.
You visited 2 branches of the dungeon, and saw 10 of its levels.
You also visited: Bailey.

You collected 451 gold pieces.
You spent 387 gold pieces at shops.

Inventory:

Hand Weapons
 a - a +0 morningstar of flaming (weapon)
Missiles
 m - 52 stones
Armour
 b - a +0 robe (worn)
 h - the +1 cloak "Dionoz" (worn) {rF+ rN+}
   (You found it on level 2 of the Dungeon)

   rF:        It protects you from fire.
   rN:        It protects you from negative energy.
Jewellery
 i - an amulet of the acrobat (around neck)
Wands
 l - a wand of flame (3)
 u - a wand of paralysis (7)
 x - a wand of iceblast (12)
Scrolls
 c - 5 scrolls of amnesia
 g - 2 scrolls of silence
 k - 3 scrolls of enchant armour
 n - 2 scrolls of holy word
 o - 2 scrolls of enchant weapon
 s - 3 scrolls of teleportation
 w - a scroll of fog {unknown}
 y - a scroll of summoning
 B - a scroll of blinking
Potions
 d - 3 potions of brilliance
 e - 3 potions of mutation
 f - 2 potions of might
 p - a potion of invisibility
 q - 5 potions of heal wounds
 r - 2 potions of haste
 t - a potion of flight {unknown}
 v - 2 potions of curing
 z - a potion of ambrosia {unknown}
 A - a potion of cancellation {unknown}


   Skills:
 + Level 5.6 Fighting
 - Level 1.5 Dodging
 + Level 6.8 Stealth
 * Level 7.3 Spellcasting
 + Level 4.9 Conjurations
 - Level 2.0 Transmutations
 * Level 9.8 Earth Magic


You had 13 spell levels left.
You knew the following spells:

 Your Spells              Type           Power      Damage    Failure   Level
a - Sandblast             Erth           92%        2d19      1%          1
b - Passwall              Tmut/Erth      25%        N/A       1%          2
c - Stone Arrow           Conj/Erth      74%        3d11      1%          3
d - Petrify               Tmut/Erth      31%        N/A       8%          4

Your spell library contained the following spells:

 Spells                   Type           Power      Damage    Failure   Level
 Static Discharge         Conj/Air       17%        N/A       4%          2
 Shock                    Conj/Air       68%        1d7       3%          1
 Animate Skeleton         Necr           14%        N/A       10%         1
 Apportation              Tloc           14%        N/A       10%         1
 Pain                     Necr           28%        1d5       10%         1
 Blink                    Tloc           14%        N/A       14%         2
 Corpse Rot               Necr/Air       14%        N/A       14%         2
 Poisonous Vapours        Pois/Air       14%        N/A       14%         2
 Confusing Touch          Hex            7%         N/A       28%         3
 Lesser Beckoning         Tloc           7%         N/A       28%         3
 Swiftness                Air            7%         N/A       28%         3
 Vampiric Draining        Necr           7%         2d6       28%         3
 Airstrike                Air            3%         N/A       67%         4
 Alistair's Intoxication  Tmut/Pois      7%         N/A       86%         5
 Yara's Violent Unravell  Hex/Tmut       5%         3d4       86%         5
 Manifold Assault         Tloc           7%         N/A       95%         5
 Metabolic Englaciation   Hex/Ice        3%         N/A       95%         5
 Enfeeble                 Hex            3%         N/A       100%        7
 Statue Form              Tmut/Erth      Unusable   N/A       N/A         6

Dungeon Overview and Level Annotations

Branches:
Dungeon (9/15)             Temple (1/1) D:5            Lair (0/6) D:9
 Bailey (1/1)
    Orc: D:9-12

Altars:
Ashenzari
Cheibriados
Dithmenos
Elyvilon
Fedhas
Gozag
Hepliaklqana
Kikubaaqudgha
Makhleb
Nemelex Xobeh
Okawaru
Qazlal
Ru
Sif Muna
Trog
Uskayaw
Vehumet
Wu Jian
Xom
Yredelemnul
Zin
The Shining One

Shops:
D:1 ?   D:2 ?

Annotations:
D:6 Sigmund


Innate Abilities, Weirdness & Mutations

You are immune to sickness and miasma.
Your stone body is resilient. (AC +7)
You are immune to poison.
You resist negative energy. (rN+)
You are resistant to electric shocks. (rElec)
You are resistant to unholy torment.
You are immune to petrification.


Message History

The orc warrior hits you with a +0 hand axe.
* * * LOW HITPOINT WARNING * * *
The hobgoblin misses you.
There is a large open door here.
The orc warrior hits you but does no damage.
There is an open gate here.
You hit the hobgoblin but do no damage.
The hobgoblin is moderately wounded.
The hobgoblin hits you with a +0 hand axe.
* * * LOW HITPOINT WARNING * * *
The hobgoblin completely misses you.
Casting: Stone Arrow (safe; 1% risk of failure)
Confirm with . or Enter, or press ? or * to list all spells.
Aiming: Stone Arrow (safe; 1% risk of failure)
Press: ? - help, Shift-Dir - straight line, f - orc warrior
Aim: an orc warrior, wielding a +0 hand axe and wearing a +0 ring mail (67% to hit)
The stone arrow hits the orc warrior!
The orc warrior is moderately wounded.
The orc warrior hits you with a +0 hand axe!
* * * LOW HITPOINT WARNING * * *
Casting: Stone Arrow (safe; 1% risk of failure)
Confirm with . or Enter, or press ? or * to list all spells.
Aiming: Stone Arrow (safe; 1% risk of failure)
Press: ? - help, Shift-Dir - straight line, f/p - orc warrior
Aim: an orc warrior, wielding a +0 hand axe and wearing a +0 ring mail (moderately wounded, 67% to hit)
The stone arrow hits the orc warrior.
The orc warrior is heavily wounded.
The orc warrior hits you with a +0 hand axe.
* * * LOW HITPOINT WARNING * * *
The hobgoblin hits you but does no damage.
Unknown command.
Casting: Stone Arrow (safe; 1% risk of failure)
Confirm with . or Enter, or press ? or * to list all spells.
Aiming: Stone Arrow (safe; 1% risk of failure)
Press: ? - help, Shift-Dir - straight line, f/p - orc warrior
Aim: an orc warrior, wielding a +0 hand axe and wearing a +0 ring mail (heavily wounded, 67% to hit)
The stone arrow hits the orc warrior!
The orc warrior is severely wounded.
The orc warrior hits you with a +0 hand axe!
You die...

#≈≈≈≈≈# #### #≈≈≈≈≈#
#... #≈≈≈≈≈# #.8.
#≈≈≈≈≈######.).
#≈≈≈≈≈≈.#......
######.≈≈≈≈≈.#......
#......≈≈≈≈≈.#''####
###......≈≈≈≈≈.#.....#
#....@o........'.)...#
#∩..∩.g........'.)⌠..#
#..............).....#
###......≈≈≈≈≈.#.....#
#......≈≈≈≈≈.#++####
######.≈≈≈≈≈.#
#≈≈≈≈≈≈.# #≈≈≈≈≈###
#≈≈≈≈≈#


You could see an orc warrior and a hobgoblin.

Vanquished Creatures
  A gargoyle (D:7)
  A troll (D:5)
  Prince Ribbit (D:6)
  A wyvern (D:7)
  Menkaure (D:6)
  A water moccasin (D:7)
  3 orc warriors
  2 ice beasts
  A sky beast (D:6)
  2 hornet zombies (D:8)
  4 centaurs
  A phantom (D:6)
  A bullfrog (D:7)
  A wyvern zombie (D:7)
  A water moccasin zombie (D:7)
  3 scorpions
  5 wights
  A bullfrog zombie (D:5)
  2 hounds
  A jelly (D:6)
  2 gnoll shamans
  A bullfrog skeleton (D:6)
  4 orc priests
  An iguana (D:7)
  Terence (D:2)
  Jessica (D:3)
  4 orc wizards
  Natasha (thrice) (D:2)
  A hound skeleton (D:4)
  9 gnolls
  6 adders
  3 white imps
  An ufetubus (D:5)
  2 adder skeletons
  2 worms
  3 dart slugs
  20 orcs
  10 ball pythons
  11 bats
  5 endoplasms
  5 giant cockroaches
  14 goblins
  9 hobgoblins
  7 jackals
  4 quokkas
  4 frilled lizards
  12 kobolds
  7 rats
  A spectral goblin (D:2)
187 creatures vanquished.

Notes
Turn   | Place    | Note
-------+----------+-------------------------------------------
     0 | D:1      | Zeld the Gargoyle Earth Elementalist began the quest for
                  | the Orb.
     0 | D:1      | Reached XP level 1. HP: 10/10 MP: 3/3
   141 | D:1      | Reached XP level 2. HP: 12/15 MP: 1/5
   144 | D:1      | Learned a level 2 spell: Passwall
   201 | D:1      | Found Niluam's Magic Scroll Shop.
   353 | D:1      | Reached skill level 4 in Earth Magic
   423 | D:1      | Reached skill level 1 in Transmutations
   712 | D:1      | Reached XP level 3. HP: 20/20 MP: 4/6
   719 | D:1      | Learned a level 3 spell: Stone Arrow
  1220 | D:2      | Noticed Natasha
  1222 | D:2      | Killed Natasha
  1223 | D:2      | Reached skill level 1 in Fighting
  1254 | D:2      | Noticed Terence
  1316 | D:2      | Identified the +1 cloak "Dionoz" {rF+ rN+}
  1330 | D:2      | Reached XP level 4. HP: 25/25 MP: 6/8
  1399 | D:2      | Noticed Natasha
  1406 | D:2      | Killed Natasha
  1418 | D:2      | Noticed Natasha
  1423 | D:2      | Killed Natasha
  1541 | D:2      | Found a faded altar of an unknown god.
  1632 | D:2      | Reached XP level 5. HP: 29/29 MP: 7/9
  1769 | D:2      | Found Oziupot's Magic Scroll Boutique.
  1785 | D:2      | Bought a scroll of identify for 24 gold pieces
  1785 | D:2      | Bought a scroll of identify for 24 gold pieces
  1785 | D:2      | Bought a scroll of identify for 24 gold pieces
  2409 | D:3      | Learned a level 4 spell: Petrify
  2448 | D:3      | Noticed Jessica
  2456 | D:3      | Killed Jessica
  3264 | D:4      | Reached skill level 5 in Earth Magic
  3887 | D:4      | Reached XP level 6. HP: 35/35 MP: 5/11
  4332 | D:2      | Killed Terence
  4555 | D:4      | Reached XP level 7. HP: 36/40 MP: 2/13
  5203 | D:5      | Entered Level 5 of the Dungeon
  5410 | D:5      | Reached skill level 1 in Conjurations
  5410 | D:5      | Reached skill level 6 in Earth Magic
  5689 | D:5      | Found a staircase to the Ecumenical Temple.
  5698 | Temple   | Entered the Ecumenical Temple
  5707 | Temple   | Became a worshipper of Vehumet
  6405 | D:5      | Noticed a troll
  6692 | D:6      | Reached XP level 8. HP: 46/46 MP: 12/15
  6743 | D:6      | Noticed Prince Ribbit
  6774 | D:6      | Killed Prince Ribbit
  6775 | D:6      | Reached skill level 5 in Spellcasting
  6775 | D:6      | Reached skill level 7 in Earth Magic
  7002 | D:6      | Noticed Menkaure
  7004 | D:6      | Killed Menkaure
  7005 | D:6      | Reached skill level 5 in Stealth
  7792 | D:6      | Noticed Sigmund
  8065 | D:6      | Reached skill level 8 in Earth Magic
  8065 | D:6      | Reached XP level 9. HP: 52/52 MP: 10/17
  8288 | D:7      | Noticed a brown ugly thing
  8387 | D:7      | Reached * piety under Vehumet
  8387 | D:7      | Offered knowledge of Foxfire by Vehumet.
  8664 | D:7      | Noticed a gargoyle
  8788 | D:1      | Bought a scroll of summoning for 95 gold pieces
  8788 | D:1      | Bought a scroll of amnesia for 35 gold pieces
  8788 | D:1      | Bought a scroll of enchant armour for 75 gold pieces
  8788 | D:1      | Bought a scroll of blinking for 75 gold pieces
  8788 | D:1      | Bought a scroll of amnesia for 35 gold pieces
  8891 | D:5      | Killed a troll
  9735 | D:7      | Killed a gargoyle
  9736 | D:7      | Reached skill level 5 in Fighting
  9736 | D:7      | Reached skill level 9 in Earth Magic
 10315 | D:8      | Reached XP level 10. HP: 50/59 MP: 10/20
 10373 | D:8      | Found a glowing golden altar of the Shining One.
 10884 | D:9      | Found a flagged portal.
 10963 | Bailey   | Entered a bailey
 11092 | Bailey   | Reached ** piety under Vehumet
 11092 | Bailey   | Offered knowledge of Static Discharge by Vehumet.
 11347 | Bailey   | HP: 3/60 [orc warrior/+0 hand axe (5)]
 11348 | Bailey   | Mangled by an orc warrior

Illustrated notes

Levels and vault maps discovered:
D:1:      wander_arrival_abandoned_jail, layout_basic, serial_shops,
          nicolae_shop_hallway_plus, st_stairs_14
D:2:      layout_rooms, serial_shops, shop_scrolls,
          dreamdust_ecumenical_altar_drowned_temple, uniq_natasha, uniq_terence
D:3:      layout_basic, nrook_mini_vaults, minmay_mini_jars, uniq_jessica
D:4:      layout_rooms
D:5:      layout_cave_pools, minmay_temple_entry_trees
D:6:      layout_basic, minmay_puff, uniq_menkaure, uniq_sigmund,
          uniq_prince_ribbit1
D:7:      layout_rooms, minmay_manual_mail
D:8:      layout_rooms, mainiacjoe_overflow_paths
D:9:      layout_layer_cave, david_lair_shrubbed, enter_bailey_5
Temple:   compressed_dpeg_circular_temple
Bailey:   bailey_axe_of_yendor_kennysheep, bailey

Skill      XL: |  1  2  3  4  5  6  7  8  9 |
---------------+----------------------------+-----
Earth Magic    | 4 5 6 8 9 |  9.8
Transmutations | 1 2 |  2.0
Fighting       | 1 2 3 4 5 |  5.6
Stealth        | 3 4 5 6 |  6.8
Spellcasting   | 3 4 5 7 |  7.3
Conjurations   | 2 3 4 |  4.9
Dodging        | |  1.5

Action                   |  1- 3 |  4- 6 |  7- 9 | 10-12 || total
-------------------------+-------+-------+-------+-------++-------
Melee: Unarmed           |     4 |     2 |       |       ||     6
       Mace              |       |    18 |       |       ||    18
       Morningstar       |       |    52 |    23 |    17 ||    92
       Punch             |       |     1 |       |       ||     1
 Cast: Sandblast         |    36 |    67 |    26 |     3 ||   132
       Stone Arrow       |       |    26 |   114 |    29 ||   169
       Petrify           |       |       |     2 |       ||     2
  Use: Scroll            |       |     7 |    10 |     2 ||    19
Armor: Robe              |     3 |    46 |    39 |    11 ||    99
Dodge: Dodged            |     6 |    95 |   112 |    17 ||   230
